 Dungeon Crawl Stone Soup version 0.27.0-1-g7a08968 (webtiles) character file.

Game seed: 7158913744500368192

450 Illumine the Magician (level 7, 0/37 HPs)
             Began as a Gargoyle Hedge Wizard on Aug 10, 2021.
             Was a Follower of Vehumet.
             Slain by an ice beast (12 damage)
             ... on level 4 of the Dungeon.
             The game lasted 00:13:54 (5751 turns).

Illumine the Magician (Gargoyle Hedge Wizard)       Turns: 5751, Time: 00:13:55

Health: 0/37       AC:  7    Str: 13    XL:     7   Next: 4%
Magic:  5/13       EV: 12    Int: 17    God:    Vehumet [*.....]
Gold:   163        SH:  0    Dex:  9    Spells: 2/14 levels left

rFire    + . .     SeeInvis .   u - +4 morningstar
rCold    . . .     Faith    .   (no shield)
rNeg     + . .     Spirit   .   b - +0 robe
rPois    ∞         Reflect  .   q - +0 helmet
rElec    +         Harm     .   (no cloak)
rCorr    .         Rampage  .   (no gloves)
Will     .....                  (no boots)
Stlth    ++........             (no amulet)
HPRegen  0.12/turn              p - ring of protection from fire
MPRegen  0.13/turn              (no ring)

@: no status effects
A: sickness immunity, AC +4, negative energy resistance 1, electricity
resistance, torment resistance 1, petrification resistance
a: Renounce Religion


You were on level 4 of the Dungeon.
You worshipped Vehumet.
Vehumet was aware of your devotion.
You visited 1 branch of the dungeon, and saw 5 of its levels.

You collected 163 gold pieces.

Inventory:

Hand Weapons
 e - a +0 short sword
 j - a +0 flail
 k - a +0 quarterstaff
 t - a +0 hunting sling
 u - a +4 morningstar (weapon)
Missiles
 d - 108 stones
Armour
 b - a +0 robe (worn)
 c - a +0 hat
 q - a +0 helmet (worn)
Jewellery
 p - a ring of protection from fire (left hand)
Wands
 s - a wand of flame (13)
Scrolls
 f - a scroll of blinking {unknown}
 g - 2 scrolls of noise {unknown}
 i - a scroll of magic mapping {unknown}
 m - a scroll of silence {unknown}
 n - a scroll of teleportation
 r - a scroll of identify {unknown}
Potions
 a - a potion of flight {unknown}
 h - a potion of berserk rage {unknown}
 l - 2 potions of mutation {unknown}
 o - 3 potions of might {unknown}
 v - a potion of magic {unknown}


   Skills:
 + Level 0.9 Fighting
 - Level 2.4 Dodging
 - Level 2.1 Stealth
 + Level 4.1 Spellcasting
 + Level 3.3 Conjurations
 + Level 2.5 Summonings
 - Level 2.2 Translocations
 + Level 1.3 Transmutations
 + Level 0.3 Fire Magic
 + Level 1.7 Poison Magic


You had 2 spell levels left.
You knew the following spells:

 Your Spells              Type           Power      Damage    Failure   Level
a - Magic Dart            Conj           56%        1d5       4%          1
b - Blink                 Tloc           N/A        N/A       10%         2
c - Call Imp              Summ           12%        N/A       9%          2
d - Mephitic Cloud        Conj/Pois/Air  9%         N/A       24%         3
e - Sting                 Tmut/Pois      32%        1d4       9%          1
f - Conjure Flame         Conj/Fire      9%         6-21      22%         3

Your spell library contained the following spells:

 Spells                   Type           Power      Damage    Failure   Level
 Shock                    Conj/Air       36%        1d5       8%          1
 Poisonous Vapours        Pois/Air       12%        N/A       17%         2
 Slow                     Hex            3%         N/A       24%         2
 Olgreb's Toxic Radiance  Pois           9%         N/A       58%         4


Dungeon Overview and Level Annotations

Branches:
Dungeon (5/15)
 Temple: D:4-7

Altars:
Vehumet

Annotations:
D:3 Sigmund
D:5 1 transporter, Edmund


Innate Abilities, Weirdness & Mutations

You are immune to sickness and miasma.
Your stone body is resilient. (AC +4)
You are immune to poison.
You resist negative energy. (rN+)
You are resistant to electric shocks. (rElec)
You are resistant to unholy torment.
You are immune to petrification.


Message History

Your white imp resists.
Your white imp hits the ice beast.
Your white imp freezes the ice beast.
The ice beast completely resists.
Casting: Call Imp (safe; 9% risk of failure)
Confirm with . or Enter, or press ? or * to list all spells.
A beastly little devil appears in a puff of flame.
The ice beast hits your white imp. The ice beast freezes your white imp.
Your white imp resists.
Your white imp hits the ice beast.
Your white imp freezes the ice beast.
The ice beast completely resists.
You swap places.
The ice beast closely misses you.
Your crimson imp hits the ice beast but does no damage.
You hit the ice beast.
The ice beast is heavily wounded.
Your crimson imp blinks!
The ice beast hits you. The ice beast freezes you!
Your crimson imp closely misses the ice beast.
The ice beast barely misses you.
Your magical contamination has completely faded away.
You closely miss the ice beast.
The ice beast is heavily wounded.
The ice beast closely misses you.
Your crimson imp hits the ice beast but does no damage.
Unknown command.
You closely miss the ice beast.
The ice beast is moderately wounded.
The ice beast completely misses you.
Your white imp closely misses the ice beast.
Your crimson imp hits the ice beast.
The ice beast hits you but does no damage.
You closely miss the ice beast.
The ice beast is heavily wounded.
Your white imp closely misses the ice beast.
Your crimson imp blinks!
The ice beast hits you. The ice beast freezes you!
You thump the ice beast!
The ice beast is severely wounded.
The ice beast barely misses you. The ice beast hits you.
The ice beast freezes you!
You die...

#.# #.# #.# ##... #.#
#.# #.#### #.... ###.#
#.# #.##.## #..<.
#.>.#####.###5#.#.######
#....
#..............###.....#
##...
..........#.....#>####.#
##.# #..########.###..##
#.# #.# ............#
#.Y# #.# #.#
..#.#######.###5@# #.#
#.# ###.# #.....5#
#.###### #.# #.#
###.##.#####..##..###.#
#.#
#.##....#........##.#
###.#
#...................#
....#
#######..)....>....##
##### #.#........###
#.#........##
#...........#


You could see an ice beast (ally target), 2 friendly crimson imps and a friendly
white imp (summoned).

Vanquished Creatures
  A sky beast (D:3)
  A phantom (D:4)
  A wight (D:4)
  A howler monkey (D:5)
  An adder (D:3)
  A worm (D:3)
  2 dart slugs
  An orc (D:3)
  7 ball pythons
  8 endoplasms
  7 giant cockroaches
  6 goblins
  7 hobgoblins
  5 jackals
  3 kobolds
  6 quokkas
  5 bats
  4 frilled lizards
  6 rats
73 creatures vanquished.

Vanquished Creatures (collateral kills)
  A black bear (D:4)
  A phantom (D:4)
  A wight (D:4)
  3 adders
  A ball python (D:4)
7 creatures vanquished.

Grand Total: 80 creatures vanquished

Notes
Turn   | Place    | Note
-------+----------+-------------------------------------------
     0 | D:1      | Illumine the Gargoyle Hedge Wizard began the quest for the
                  | Orb.
     0 | D:1      | Reached XP level 1. HP: 10/10 MP: 4/4
   111 | D:1      | Reached skill level 1 in Summonings
   111 | D:1      | Reached skill level 1 in Translocations
   231 | D:1      | Reached XP level 2. HP: 15/15 MP: 0/6
   290 | D:1      | Learned a level 2 spell: Blink
   293 | D:1      | Learned a level 2 spell: Call Imp
   753 | D:1      | Reached XP level 3. HP: 19/19 MP: 2/7
   953 | D:1      | Found a faded altar of an unknown god.
  1746 | D:2      | Found a radiant altar of Vehumet.
  1819 | D:2      | Became a worshipper of Vehumet
  2142 | D:3      | Learned a level 3 spell: Mephitic Cloud
  2203 | D:3      | Reached XP level 4. HP: 24/24 MP: 3/8
  2790 | D:3      | Noticed Sigmund
  3057 | D:4      | Noticed a sky beast
  3259 | D:4      | Learned a level 1 spell: Sting
  3306 | D:5      | Entered Level 5 of the Dungeon
  3325 | D:5      | Found a transporter.
  3326 | D:5      | Noticed an ice beast
  3348 | D:5      | Noticed a sky beast
  3349 | D:5      | Reached XP level 5. HP: 23/28 MP: 10/10
  3525 | D:3      | Killed a sky beast
  3526 | D:3      | Reached skill level 1 in Poison Magic
  3665 | D:4      | Reached XP level 6. HP: 23/32 MP: 2/11
  3865 | D:4      | Reached * piety under Vehumet
  3865 | D:4      | Offered knowledge of Shock by Vehumet.
  4175 | D:4      | Noticed a black bear
  4194 | D:4      | Killed a black bear
  4195 | D:4      | Reached skill level 1 in Transmutations
  4882 | D:4      | Reached skill level 4 in Spellcasting
  5110 | D:5      | Noticed a small abomination
  5110 | D:5      | Noticed a small abomination
  5165 | D:4      | Learned a level 3 spell: Conjure Flame
  5471 | D:4      | Reached XP level 7. HP: 11/37 MP: 4/13
  5713 | D:5      | Noticed Edmund
  5751 | D:4      | Slain by an ice beast

Illustrated notes

Levels and vault maps discovered:
D:1:      minmay_arrival_checkered_box, layout_rooms,
          chequers_ecumenical_altar_lobes, minmay_pentomino_r2
D:2:      layout_basic, basic_altar
D:3:      layout_basic, uniq_sigmund
D:4:      layout_loops_ring, st_stairs_5, kennysheep_decorative_pillar
D:5:      layout_loops_ring, gammafunk_ghost_abyssal_escape, chequers_big_river,
          grunt_ministairs_7, uniq_edmund

Skill      XL: |  1  2  3  4  5  6 |
---------------+-------------------+-----
Summonings     | 1 2 |  2.5
Translocations | 1 2 |  2.2
Dodging        | 2 |  2.4
Conjurations   | 2 3 |  3.3
Poison Magic   | 1 |  1.7
Transmutations | 1 |  1.3
Spellcasting   | 4 |  4.1
Fighting       | |  0.9
Stealth        | |  2.1
Fire Magic     | |  0.3

Action                   |  1- 3 |  4- 6 |  7- 9 || total
-------------------------+-------+-------+-------++-------
Melee: Short sword       |    22 |       |       ||    22
       Dagger            |     1 |       |       ||     1
       Quarterstaff      |    14 |    51 |       ||    65
       Flail             |     3 |       |       ||     3
       Morningstar       |       |    19 |     5 ||    24
 Cast: Magic Dart        |   108 |    60 |     2 ||   170
       Call Imp          |       |    38 |     3 ||    41
       Sting             |       |     6 |       ||     6
       Blink             |       |     2 |       ||     2
 Stab: Sleeping          |       |     1 |       ||     1
Armor: Robe              |    15 |    38 |     2 ||    55
Dodge: Dodged            |    37 |    71 |     7 ||   115
